Map: Inside and Out

Players

Protosito - Winner!

  • Race: Protoss Protoss
  • League: Master
  • Spawn Location: 7:00

Dephy

  • Race: Terran Terran
  • League: Master
  • Spawn Location: 1:00

VOD

Have the link to the VOD?

Description

4 stalkers prism harrass into charge storm. Counterss 2-gas terrans.

Time

  • Played on: Nov. 6, 2022, 10:44 a.m.
  • Length: 9:59
Show
View Real Time Build Order
Export as new Build Order

Protosito Protoss - Winner!

Build Orders: 1 Gate Expand 

Get SALT Encoding   

  12  0:00  Probe  
  13  0:12  Probe  
  14  0:21  Pylon  
  14  0:24  Probe  
  15  0:40  Probe (Chrono Boost)  
  15  0:41  Gateway  
  16  0:48  Probe (Chrono Boost)  
  16  0:49  Assimilator  
  17  0:54  Probe  
  18  1:06  Probe  
  20  1:18  Probe  
  20  1:26  Nexus  
  20  1:35  Cybernetics Core  
  20  1:36  Probe  
  21  1:42  Assimilator  
  21  1:48  Probe  
  21  1:54  Pylon  
  22  2:00  Probe  
  23  2:09  Stalker (Chrono Boost)  
  23  2:12  Probe  
  23  2:14  Shield Battery  
  23  2:15  Warp Gate  
  26  2:24  Probe  
  27  2:32  Stalker (Chrono Boost)  
  29  2:41  Robotics Facility  
  29  2:43  Probe x2  
  31  2:55  Stalker (Chrono Boost), Probe  
  31  2:56  Probe  
  34  3:15  Probe x2  
  36  3:20  Gateway  
  36  3:22  Gateway  
  36  3:27  Probe x2  
  36  3:31  Observer (Chrono Boost)  
  39  3:39  Probe x2  
  41  3:43  Pylon  
  41  3:44  Observer (Chrono Boost)  
  42  3:55  Probe  
  42  3:56  Probe  
  42  4:00  Warp Prism (Chrono Boost)  
  46  4:05  Pylon  
  46  4:08  Stalker, Probe x2  
  50  4:15  Stalker  
  50  4:17  Stalker  
  54  4:20  Assimilator  
  54  4:23  Probe x2, Assimilator  
  56  4:24  Pylon  
  56  4:38  Stalker x2, Probe x2  
  58  4:43  Observer  
  58  4:44  Pylon  
  62  4:46  Stalker  
  63  5:07  Probe x2  
  65  5:20  Probe x2  
  67  5:24  Twilight Council  
  67  5:28  Forge  
  67  5:32  Probe x2  
  61  5:36  Stalker x3  
  67  5:54  Nexus  
  67  5:59  Adept x3  
  67  6:02  Pylon  
  67  6:03  Pylon  
  73  6:15  Charge (Chrono Boost), Immortal (Chrono Boost)  
  73  6:16  Protoss Ground Weapons Level 1 (Chrono Boost)  
  75  6:28  Zealot x2, Sentry  
  75  6:31  Probe x2  
  79  6:34  Pylon  
  79  6:41  Templar Archives  
  79  6:43  Probe  
  79  6:44  Probe  
  81  6:50  Adept x2  
  81  6:52  Adept  
  87  6:56  Probe x2  
  89  7:06  Immortal, Psionic Storm  
  89  7:08  Probe x2  
  95  7:14  Probe  
  96  7:16  Shield Battery  
  96  7:20  Probe x2  
  98  7:27  Probe  
  98  7:28  Gateway  
  98  7:29  High Templar x2  
  103  7:33  Probe x2  
  105  7:39  Probe  
  105  7:43  Gateway  
  106  7:45  Pylon, Probe x2  
  106  7:47  Pylon  
  106  7:51  Probe, Assimilator x2  
  109  7:57  Protoss Ground Armor Level 1 (Chrono Boost), Probe  
  109  7:58  Probe  
  111  8:01  High Templar  
  111  8:02  Zealot, High Templar  
  111  8:03  Probe  
  118  8:14  Forge  
  118  8:19  Gateway  
  118  8:21  Gateway  
  118  8:29  Zealot x2  
  122  8:39  Nexus  
  122  8:40  Pylon  
  122  8:43  Gateway  
  122  8:45  Pylon, Gateway  
  122  8:47  Gateway  
  122  8:52  Zealot x4, Gateway  
  122  8:53  Sentry  
  104  9:18  Zealot x7  
  107  9:24  Probe  
  107  9:25  Probe x2  
  107  9:28  Archon  
  80  9:37  Probe x2  
  79  9:38  Zealot x3  
  79  9:39  Zealot x4  
  75  9:53  High Templar x4  
  75  9:57  Archon x2  
Show
View Real Time Build Order
Export as new Build Order

Dephy Terran 

Build Orders:  

Get SALT Encoding   

  12  0:00  SCV  
  13  0:12  SCV  
  14  0:17  Supply Depot  
  14  0:24  SCV  
  15  0:39  SCV  
  15  0:41  Barracks  
  16  0:49  Refinery  
  16  0:51  SCV  
  16  0:53  Refinery  
  17  1:03  SCV  
  18  1:15  SCV  
  19  1:28  Reaper  
  19  1:29  Orbital Command  
  19  1:30  Supply Depot  
  20  1:48  Factory  
  20  1:56  SCV  
  20  2:00  Reaper  
  22  2:08  SCV  
  23  2:20  SCV  
  24  2:23  Command Center  
  24  2:32  SCV  
  24  2:37  Barracks Reactor  
  25  2:40  Widow Mine  
  27  2:45  Supply Depot  
  27  2:47  Bunker  
  27  2:49  SCV  
  28  2:58  Starport  
  28  3:01  SCV  
  31  3:06  Widow Mine  
  30  3:13  SCV  
  30  3:15  Marine x2  
  32  3:25  SCV  
  33  3:31  Widow Mine, Armory  
  35  3:38  SCV, Medivac  
  35  3:40  Orbital Command  
  38  3:42  Marine  
  39  3:50  SCV  
  39  3:54  Widow Mine  
  42  4:02  SCV  
  43  4:06  Supply Depot  
  43  4:13  Medivac  
  43  4:14  SCV  
  43  4:15  Widow Mine, SCV  
  49  4:18  Supply Depot  
  49  4:23  Marine x2  
  51  4:26  SCV  
  51  4:27  SCV  
  54  4:38  SCV  
  54  4:39  Refinery, Factory Tech Lab, SCV  
  54  4:41  Marine, Barracks  
  56  4:50  SCV  
  55  5:00  Siege Tank  
  55  5:02  SCV, Viking  
  55  5:03  SCV  
  62  5:10  Refinery  
  62  5:12  Barracks  
  62  5:15  SCV x2  
  56  5:27  SCV x2  
  49  5:39  SCV x2  
  49  5:40  Siege Tank  
  49  5:41  Starport Tech Lab  
  54  5:47  Barracks Tech Lab  
  54  5:51  SCV  
  54  5:52  SCV  
  56  5:58  Marine x2  
  56  6:03  SCV  
  56  6:04  SCV  
  58  6:09  Marine  
  56  6:15  Marine, SCV, Siege Tank  
  56  6:16  Marine, SCV, Starport Reactor  
  58  6:26  Marine, Stimpack  
  58  6:27  SCV  
  58  6:28  SCV  
  51  6:34  Marine  
  51  6:35  Marine  
  51  6:39  SCV  
  54  6:41  Combat Shield  
  54  6:44  Marine, SCV  
  56  6:47  Barracks, Engineering Bay  
  56  6:48  Barracks  
  56  6:49  Siege Tank  
  56  6:51  SCV  
  56  6:53  Medivac x2  
  63  7:03  SCV x2  
  65  7:09  Marine  
  65  7:10  Marine x2  
  65  7:11  Marine  
  69  7:15  SCV  
  69  7:16  Supply Depot x2  
  69  7:18  Terran Infantry Weapons Level 1  
  69  7:22  Siege Tank  
  73  7:29  Marine x2  
  75  7:30  Medivac  
  75  7:31  SCV  
  75  7:36  Barracks Reactor  
  78  7:37  SCV  
  78  7:38  Marauder  
  78  7:42  Marine  
  78  7:43  Marine  
  83  7:49  Supply Depot x2, Marine x2  
  85  7:59  Marauder  
  85  8:00  Marine x2, Concussive Shells  
  85  8:05  Supply Depot  
  89  8:06  Supply Depot  
  89  8:07  Siege Tank  
  92  8:16  Marine  
  92  8:17  Marine x3  
  92  8:19  Marauder, SCV x2  
  100  8:20  Marine  
  100  8:21  Marauder  
  103  8:34  Marine x2  
  103  8:35  Marine x2  
  103  8:38  Marine  
  108  8:47  Marine x2  
  110  8:52  Marine  
  111  9:00  Marine x2  
Tags
 
Add a new tag
Caveats
  • Supply blocks, unpowered buildings, or Contaminate may cause inaccurate times.
  • Supply counts are checked every 10 seconds.